 Dungeon Crawl Stone Soup version 0.23-a0-899-gbbae0a3 (webtiles) character file.

Game seed: 13198770242082485681

93 tidbits the Charmwright (level 4, -2/38 HPs)
             Began as a Gnoll Skald on Jan 29, 2019.
             Shot with an arrow by a centaur (7 damage)
             ... on level 5 of the Dungeon.
             The game lasted 00:07:13 (742 turns).

tidbits the Charmwright (Gnoll Skald)                Turns: 742, Time: 00:07:15

Health: -2/38      AC:  9    Str: 18    XL:     4   Next: 61%
Magic:  5/11       EV: 13    Int: 17    God:
Gold:   36         SH:  3    Dex: 14    Spells: 2/13 levels left

rFire    . . .     SeeInvis .   a - +0 spear
rCold    . . .     Gourm    .   (no shield)
rNeg     . . .     Faith    .   B - +0 ring mail
rPois    .         Spirit   .   E - +2 helmet
rElec    .         Reflect  +   (no cloak)
rCorr    .         Harm     .   G - +0 pair of gloves
MR       .....                  (no boots)
Stlth    +.........             g - +3 amulet of reflection
HPRegen  0.12/turn              (no ring)
MPRegen  0.12/turn              (no ring)

@: mighty, very slightly contaminated
A: distributed training, fangs 1, strong nose
a: no special abilities


You were on level 5 of the Dungeon.
You were hungry.

You visited 1 branch of the dungeon, and saw 5 of its levels.

You collected 36 gold pieces.

Inventory:

Hand Weapons
 a - a +0 spear (weapon)
 b - a +0 war axe
 c - a +0 hunting sling
 l - a +3 whip
Missiles
 i - 27 arrows
 j - 18 stones (quivered)
 q - 2 tomahawks
Armour
 s - a +0 leather armour
 B - a +0 ring mail (worn)
 E - a +2 helmet (worn)
 G - a +0 pair of gloves (worn)
Jewellery
 g - a +3 amulet of reflection (around neck)
   (You found it on level 1 of the Dungeon)
Wands
 t - a wand of flame (14)
Scrolls
 e - a scroll of enchant armour {unknown}
 f - a scroll of enchant weapon {unknown}
 h - 3 scrolls of identify {unknown}
 k - 3 scrolls of remove curse {unknown}
 m - a scroll of teleportation {unknown}
 o - a scroll of immolation {unknown}
 p - a scroll of noise {unknown}
 r - a scroll of blinking {unknown}
Comestibles
 d - 3 rations


   Skills:
 + Level 4.6 Fighting
 + Level 1.2 Short Blades
 + Level 1.2 Long Blades
 + Level 1.2 Axes
 + Level 1.2 Maces & Flails
 + Level 4.6 Polearms
 + Level 1.2 Staves
 + Level 1.2 Slings
 + Level 1.2 Bows
 + Level 1.2 Crossbows
 + Level 1.2 Throwing
 + Level 2.8 Armour
 + Level 4.6 Dodging
 + Level 1.2 Stealth
 + Level 1.2 Shields
 + Level 1.2 Unarmed Combat
 + Level 5.1 Spellcasting
 + Level 1.0 Conjurations
 + Level 1.0 Hexes
 + Level 5.5 Charms
 + Level 1.0 Summonings
 + Level 1.0 Necromancy
 + Level 1.0 Translocations
 + Level 1.0 Transmutations
 + Level 1.0 Fire Magic
 + Level 1.0 Ice Magic
 + Level 1.0 Air Magic
 + Level 1.0 Earth Magic
 + Level 1.0 Poison Magic
 + Level 1.3 Invocations
 + Level 1.2 Evocations


You had 2 spell levels left.
You knew the following spells:

 Your Spells              Type           Power        Failure   Level  Hunger
g - Shroud of Golubria    Chrm/Tloc      ###.......   10%         2    #......
i - Infusion              Chrm           ###.         2%          1    None
r - Regeneration          Chrm/Necr      ###.......   19%         3    ###....
w - Spectral Weapon       Hex/Chrm       ###.....     19%         3    ###....
y - Song of Slaying       Chrm           ###.....     3%          2    #......

Your spell library contained the following spells:

 Spells                   Type           Power        Failure   Level  Hunger


Dungeon Overview and Level Annotations

Branches:
Dungeon (5/15)
 Temple: D:4-7

Altars:


Innate Abilities, Weirdness & Mutations

Your experience applies equally to all skills.
You have very sharp teeth.
Your uncanny sense of smell can sniff out nearby items.


Message History

You kill the orc!
Attack whom?
Press: ? - help, Dir - move target cursor, f - orc
Aim: an orc, wielding a +0 war axe and wearing a +0 chain mail You reach to attack!
You hit the orc.
The orc is moderately wounded.
You hit the orc.
You kill the orc!
You puncture the orc!
You kill the orc!
Your Conjurations skill increases to level 1!
Your Hexes skill increases to level 1!
Your Summonings skill increases to level 1!
Your Necromancy skill increases to level 1!
Your Translocations skill increases to level 1!
Your Transmutations skill increases to level 1!
Your Fire Magic skill increases to level 1!
Your Ice Magic skill increases to level 1!
Your Air Magic skill increases to level 1!
Your Earth Magic skill increases to level 1!
Your Poison Magic skill increases to level 1!
q - a tomahawk Unknown command.
Items here: )))) [[ † You swap places.
You see here a tomahawk.
q - 2 tomahawks (gained 1)
Your spectral weapon fades away.
Items here: )))) [[ †
r - a +0 hunting sling;
s - a +0 war axe Adjust (i)tems, (s)pells, or (a)bilities?
Adjust which item? (? for menu, Esc to quit)
s - a +0 war axe Adjust to which letter? (? for menu, Esc to quit)
b - a +0 war axe;
s - a +0 leather armour Adjust (i)tems, (s)pells, or (a)bilities?
Adjust which item? (? for menu, Esc to quit)
r - a +0 hunting sling Adjust to which letter? (? for menu, Esc to quit)
c - a +0 hunting sling;
r - a scroll labeled FUICSIU GIAVIO
Things that are here:
a +0 hand axe; an orc corpse Your song is almost over.
Found a pair of gloves.
There is an open gate here.
You hear a shout!
You see here a pair of gloves.
t - a pair of gloves Your song has ended.
Wear which item? (? for menu, Esc to quit)
You start putting on your armour.
You continue putting on your pair of gloves. x4
You finish putting on your +0 pair of gloves.
Adjust (i)tems, (s)pells, or (a)bilities?
Adjust which item? (? for menu, Esc to quit)
t - a +0 pair of gloves (worn)
Adjust to which letter? (? for menu, Esc to quit)
G - a +0 pair of gloves (worn)
Found a lead wand and a spear.
You see here a wand of flame (14).
t - a wand of flame (14)
There is an open gate here.
A centaur comes into view.
Unknown command.
The centaur shouts!
The centaur closely misses you. The centaur hits you.
Unknown command.
Casting: Song of Slaying (safe; 4% risk of failure)
Confirm with . or Enter, or press ? or * to list all spells.
You miscast Spectral Weapon.
You are very lightly contaminated with residual magic.
Your skin tingles.
You are feeling hungry.
The centaur hits you!
Casting: Spectral Weapon (safe; 22% risk of failure)
Confirm with . or Enter, or press ? or * to list all spells.
You draw out your weapon's spirit!
The centaur hits you. The centaur barely misses you.
Unknown command.
You hit the centaur but do no damage.
Your spectral weapon hits the centaur from afar.
The centaur wields a +0 shortbow.
The centaur shoots an arrow.
The arrow hits you.
* * * LOW HITPOINT WARNING * * *
You hit the centaur but do no damage.
The centaur is moderately wounded.
Your spectral weapon hits the centaur from afar.
The centaur unwields a +0 shortbow.
The centaur hits you.
* * * LOW HITPOINT WARNING * * *
You hit the centaur but do no damage.
The centaur is moderately wounded.
Your spectral weapon hits the centaur from afar!
The centaur wields a +0 shortbow.
The centaur shoots an arrow.
The arrow closely misses you. The arrow hits your spectral weapon!
Your spectral weapon shares its damage with you!
* * * LOW HITPOINT WARNING * * *
It was a potion of might.
You feel very mighty all of a sudden.
The centaur shoots an arrow.
The arrow hits you!
You die...

∆ ##### #...#
#...# # #...#
####.#.### #...#
#(@c...... #...#
#(##...### #...#
####.## .## #...#
#.....# #
####≈.≈#########.#
...≈≈.≈≈.......'.#
.....#.........'.#
...≈≈.≈≈.......'.#
####≈.≈###########


You could see a centaur and a friendly spectral +0 spear.

Vanquished Creatures
  A hound (D:5)
  2 oozes
  2 worms
  A dart slug (D:2)
  2 leopard geckos (D:2)
  4 orcs (D:5)
  A ball python (D:1)
  6 bats
  2 goblins
  5 hobgoblins
  4 jackals (D:1)
  2 kobolds (D:2)
  3 frilled lizards (D:1)
  5 rats
40 creatures vanquished.

Notes
Turn   | Place    | Note
-------+----------+-------------------------------------------
     0 | D:1      | tidbits the Gnoll Skald began the quest for the Orb.
     0 | D:1      | Reached XP level 1. HP: 20/20 MP: 6/6
    53 | D:1      | Reached XP level 2. HP: 24/26 MP: 2/7
    57 | D:1      | Learned a level 2 spell: Song of Slaying
    60 | D:1      | Learned a level 2 spell: Shroud of Golubria
   272 | D:1      | Reached XP level 3. HP: 31/31 MP: 3/9
   282 | D:1      | Learned a level 3 spell: Regeneration
   282 | D:1      | Reached skill level 5 in Spellcasting
   287 | D:1      | Learned a level 3 spell: Spectral Weapon
   439 | D:2      | Reached skill level 1 in Invocations
   599 | D:3      | Reached skill level 1 in Short Blades
   599 | D:3      | Reached skill level 1 in Long Blades
   599 | D:3      | Reached skill level 1 in Axes
   599 | D:3      | Reached skill level 1 in Maces & Flails
   599 | D:3      | Reached skill level 1 in Staves
   599 | D:3      | Reached skill level 1 in Slings
   599 | D:3      | Reached skill level 1 in Bows
   599 | D:3      | Reached skill level 1 in Crossbows
   599 | D:3      | Reached skill level 1 in Throwing
   599 | D:3      | Reached skill level 1 in Stealth
   599 | D:3      | Reached skill level 1 in Shields
   599 | D:3      | Reached skill level 1 in Unarmed Combat
   599 | D:3      | Reached skill level 1 in Evocations
   662 | D:5      | Entered Level 5 of the Dungeon
   675 | D:5      | Reached XP level 4. HP: 38/38 MP: 4/11
   685 | D:5      | Reached skill level 1 in Conjurations
   685 | D:5      | Reached skill level 1 in Hexes
   685 | D:5      | Reached skill level 1 in Summonings
   685 | D:5      | Reached skill level 1 in Necromancy
   685 | D:5      | Reached skill level 1 in Translocations
   685 | D:5      | Reached skill level 1 in Transmutations
   685 | D:5      | Reached skill level 1 in Fire Magic
   685 | D:5      | Reached skill level 1 in Ice Magic
   685 | D:5      | Reached skill level 1 in Air Magic
   685 | D:5      | Reached skill level 1 in Earth Magic
   685 | D:5      | Reached skill level 1 in Poison Magic
   735 | D:5      | Noticed a centaur
   741 | D:5      | HP: 5/38 [centaur/+0 shortbow (6)]
   742 | D:5      | Shot with an arrow by a centaur

Vault maps used:
D:1:      lemuel_arrival_funnel
D:3:      lemuel_round_altar, minivault_25, uniq_crazy_yiuf_cottage
D:4:      first_ration, portal_sewer_entry_d, kennysheep_generic_room_14
D:5:      ebering_ghost_sewer_f, corexii_corridor_pit,
          kennysheep_cross_bottleneck

Skill      XL: |  1  2  3  4 |
---------------+-------------+-----
Spellcasting   | 5 |  5.1
Invocations    | 1 |  1.3
Short Blades   | 1 |  1.2
Long Blades    | 1 |  1.2
Axes           | 1 |  1.2
Maces & Flails | 1 |  1.2
Staves         | 1 |  1.2
Slings         | 1 |  1.2
Bows           | 1 |  1.2
Crossbows      | 1 |  1.2
Throwing       | 1 |  1.2
Stealth        | 1 |  1.2
Shields        | 1 |  1.2
Unarmed Combat | 1 |  1.2
Evocations     | 1 |  1.2
Conjurations   | 1 |  1.0
Hexes          | 1 |  1.0
Summonings     | 1 |  1.0
Necromancy     | 1 |  1.0
Translocations | 1 |  1.0
Transmutations | 1 |  1.0
Fire Magic     | 1 |  1.0
Ice Magic      | 1 |  1.0
Air Magic      | 1 |  1.0
Earth Magic    | 1 |  1.0
Poison Magic   | 1 |  1.0
Fighting       | |  4.6
Polearms       | |  4.6
Armour         | |  2.8
Dodging        | |  4.6
Charms         | |  5.5

Action                   |  1- 3 |  4- 6 || total
-------------------------+-------+-------++-------
Melee: Spear             |    86 |    13 ||    99
       Bite              |     9 |       ||     9
 Cast: Infusion          |     4 |       ||     4
       Song of Slaying   |     3 |       ||     3
       Shroud of Golubri |     1 |       ||     1
       Spectral Weapon   |     9 |     1 ||    10
  Use: Potion            |       |     1 ||     1
Armor: Leather armour    |    14 |       ||    14
       Ring mail         |       |     1 ||     1
Dodge: Dodged            |    43 |     7 ||    50
Block: Other             |     4 |     1 ||     5

Table legend:
 A = Non-vault XP
 B = Vault XP
 C = Vault XP percentage of total XP
 D = Non-vault monster count
 E = Vault monster count
 F = Vault count percentage of total count
                 A         B        C        D         E       F
            +---------+---------+-------+---------+---------+-------
      Total |     133 |       0 |   0.0 |      40 |       0 |   0.0
            +---------+---------+-------+---------+---------+-------
        D:1 |      40 |       0 |   0.0 |      21 |       0 |   0.0
        D:2 |      31 |       0 |   0.0 |      11 |       0 |   0.0
        D:3 |       8 |       0 |   0.0 |       3 |       0 |   0.0
        D:5 |      54 |       0 |   0.0 |       5 |       0 |   0.0
            +---------+---------+-------+---------+---------+-------

Table legend:
 A = Turns spent in this place as a percentage of turns spent in the entire game.
 B = Non-inter-level travel turns spent in this place as a percentage of non-inter-level travel turns spent in the entire game.
 C = Inter-level travel turns spent in this place as a percentage of turns spent in this place.
 D = Turns resting spent in this place as a percentage of non-inter-level travel turns spent in this place.
 E = Turns spent auto-exploring this place as a percentage of non-inter-level travel turns spent in this place.
 F = Non-inter-level travel turns spent in this place divided by the number of levels of this place that you've seen.
                   A       B       C       D       E      F
               +-------+-------+-------+-------+-------+----------------------
         Total | 100.0 | 100.0 |   0.0 |   0.0 |   0.0 | 148.4
       Dungeon | 100.0 | 100.0 |   0.0 |   0.0 |   0.0 | 148.4
               +-------+-------+-------+-------+-------+----------------------

Table legend:
 A = Kills in this place as a percentage of kills in entire the game.
 B = Kills by you in this place as a percentage of kills by you in the entire game.
 C = Kills by friends in this place as a percentage of kills by friends in the entire game.
 D = Other kills in this place as a percentage of other kills in the entire game.
 E = Experience gained in this place as a percentage of experience gained in the entire game.
 F = Experience gained in this place divided by the number of levels of this place that you have seen.
                   A       B       C       D       E      F
               +-------+-------+-------+-------+-------+----------------------
         Total | 100.0 | 100.0 |   N/A |   N/A | 100.0 |  26.6
       Dungeon | 100.0 | 100.0 |   N/A |   N/A | 100.0 |  26.6
               +-------+-------+-------+-------+-------+----------------------

Vault maps used:
D:1:      lemuel_arrival_funnel
D:3:      lemuel_round_altar, minivault_25, uniq_crazy_yiuf_cottage
D:4:      first_ration, portal_sewer_entry_d, kennysheep_generic_room_14
D:5:      ebering_ghost_sewer_f, corexii_corridor_pit,
          kennysheep_cross_bottleneck
